 Dungeon Crawl Stone Soup version 0.31.0-11-ge490571c62 (webtiles) character file.

Game seed: 3812015982810169179

115 Gadfly the Insei (level 4, -3/31 HPs)
             Began as a Demonspawn Monk on Feb 2, 2024.
             Was a Follower of Ru.
             Slain by Grinder (9 damage)
             ... on level 3 of the Dungeon.
             The game lasted 00:03:14 (2091 turns).

Gadfly the Insei (Demonspawn Monk)                  Turns: 2091, Time: 00:03:14

Health: -3/31      AC:  3    Str: 14    XL:     4   Next: 68%
Magic:  4/4        EV: 13    Int:  8    God:    Ru [*.....]
Gold:   135        SH:  0    Dex: 15    Spells: 1/3 levels left

rFire   . . .        b - +0 dagger (venom)
rCold   . . .        c - orb {light}
rNeg    . . .        a - +1 robe
rPois   +            (helmet restricted)
rElec   .            (no cloak)
rCorr   .            (no gloves)
SInv    .            (no boots)
Will    .....        (no amulet)
Stlth   +            j - ring of poison resistance
HPRegen 0.25/turn    (no ring)
MPRegen 0.09/turn

%: no passive effects
@: glowing
A: horns 1, ignite blood 2, inability to train armour, dopey 1, frail 1, sturdy
frame 1
a: Renounce Religion


You were on level 3 of the Dungeon.
You worshipped Ru.
Ru was aware of your devotion.
You visited 1 branch of the dungeon, and saw 3 of its levels.

You collected 135 gold pieces.

Inventory:

Hand Weapons
 b - a +0 dagger of venom (weapon)
Armour
 a - a +1 robe (worn)
 c - an orb of light (worn)
Jewellery
 j - a ring of poison resistance (left hand)
Potions
 d - a potion of heal wounds {unknown}
 g - a potion of might {unknown}
 h - a potion of curing {unknown}


   Skills:
 - Level 3.0 Fighting
 + Level 3.1 Dodging
 * Level 3.5 Unarmed Combat
 * Level 2.0 Evocations
 * Level 1.8 Shapeshifting


You had one spell level left.
You knew the following spells:

 Your Spells              Type           Power      Damage    Failure   Level
a - Blink                 Tloc           0%         N/A       54%         2

Your spell library contained the following spells:

 Spells                   Type           Power      Damage    Failure   Level
 Lesser Beckoning         Tloc           0%         N/A       54%         2
 Momentum Strike          Conj/Tloc      0%         3d8       54%         2


Dungeon Overview and Level Annotations

Branches:
Dungeon (3/15)

Altars:
Dithmenos
Ru

Annotations:
D:3 Grinder


Innate Abilities, Weirdness & Mutations

You have a pair of small horns on your head.
Your demonic aura often causes spilled blood to erupt in flames.
You cannot train Armour skill.
You are dopey. (Int -2)
You are frail. (-10% HP)
Your movements are slightly less encumbered by armour. (ER -2)


Message History

Grinder is moderately wounded.
The quokka bites you.
Grinder blinks!
Found a scroll of fog.
The quokka misses you. Grinder gestures at you.
You suddenly lose the ability to move!
The quokka bites you but does no damage. x2
You can move again.
You closely miss the quokka. You headbutt the quokka.
The quokka is almost dead.
The quokka misses you.
You hit the quokka.
You kill the quokka!
Grinder gestures at you. Pain shoots through your body!
Grinder attacks as she pursues you! Grinder hits you.
You completely miss Grinder.
Grinder is moderately wounded.
Grinder hits you.
You hit Grinder.
Grinder is moderately wounded.
Grinder gestures at you.
You suddenly lose the ability to move!
Grinder barely misses you.
Grinder blinks!
You can move again.
Grinder gestures at you. You resist with significant effort.
Grinder grins, showing sharp teeth.
Unknown command.
You hit Grinder.
Grinder is moderately wounded.
Grinder hits you!
You writhe in agony.
Found a robe.
Grinder hits you.
You writhe in agony.
* * * LOW HITPOINT WARNING * * *
You are too injured to fight recklessly!
You completely miss Grinder.
Grinder is moderately wounded.
Grinder hits you!
You die...
Grinder says, "Now the real fun starts!"

#.# #.#
##..######
#.#
#........#
#.#
#.....##..
###+######.##
#.....###.
#......?....#
#.....# ##
#...........#
#.[...#
#...........#
#.....#
#......○....#
#.....#
#.....5@....#
#.....#
#...........#
#######
#...........#
............#
#...........#
#....?......#
#...........#
#..........[#


You could see Grinder.

Vanquished Creatures
  6 adders (D:2)
  2 dart slugs
  2 ribbon worms (D:2)
  3 endoplasms
  3 giant cockroaches
  13 goblins
  4 hobgoblins
  4 jackals (D:1)
  2 quokkas
  2 ball pythons (D:1)
  3 bats
  2 frilled lizards
  3 kobolds
  3 rats (D:1)
52 creatures vanquished.

Notes
Turn   | Place    | Note
-------+----------+-------------------------------------------
     0 | D:1      | Gadfly the Demonspawn Monk began the quest for the Orb.
     0 | D:1      | Reached XP level 1. HP: 18/18 MP: 1/1
   103 | D:1      | Gained mutation: Your demonic aura sometimes causes spilled
                  | blood to erupt in flames. [demonic ancestry]
   103 | D:1      | Reached XP level 2. HP: 22/24 MP: 2/2
   381 | D:1      | Reached skill level 1 in Evocations
   531 | D:1      | Reached skill level 1 in Shapeshifting
   578 | D:1      | Gained mutation: You have a pair of small horns on your
                  | head. [demonic ancestry]
   578 | D:1      | Reached XP level 3. HP: 27/29 MP: 3/3
  1113 | D:2      | Gained mutation: You occasionally lose the ability to read
                  | scrolls when taking damage. [potion of mutation]
  1113 | D:2      | Gained mutation: Your muscles are strong. (Str +4, Int/Dex
                  | -1) [potion of mutation]
  1114 | D:2      | Lost mutation: Your muscles are strong. (Str +4, Int/Dex
                  | -1) [potion of mutation]
  1114 | D:2      | Lost mutation: You occasionally lose the ability to read
                  | scrolls when taking damage. [potion of mutation]
  1114 | D:2      | Gained mutation: You are dopey. (Int -2) [potion of
                  | mutation]
  1114 | D:2      | Gained mutation: Your movements are slightly less
                  | encumbered by armour. (ER -2) [potion of mutation]
  1114 | D:2      | Gained mutation: You are frail. (-10% HP) [potion of
                  | mutation]
  1139 | D:2      | Gained mutation: Your demonic aura often causes spilled
                  | blood to erupt in flames. [demonic ancestry]
  1139 | D:2      | Reached XP level 4. HP: 24/31 MP: 4/4
  1196 | D:2      | Found a shadowy altar of Dithmenos.
  1631 | D:2      | Learned a level 2 spell: Blink
  1702 | D:3      | Found a sacrificial altar of Ru.
  1714 | D:3      | Became a worshipper of Ru the Awakened
  1720 | D:3      | Gained mutation: You cannot train Armour skill. [Ru
                  | sacrifice]
  1720 | D:3      | Reached * piety under Ru
  2071 | D:3      | Noticed Grinder
  2078 | D:3      | Paralysed by Grinder for 2 turns
  2084 | D:3      | Paralysed by Grinder for 3 turns
  2091 | D:3      | Slain by Grinder

Illustrated notes

Levels and vault maps discovered:
D:1:      elethiomel_arrival_fortress_basement, layout_rooms
D:2:      layout_loops_ring, basic_altar
D:3:      kennysheep_the_goblin_king, layout_basic,
          nicolae_ru_sacrificial_ziggurat, uniq_grinder

Skill      XL: |  1  2  3  4 |
---------------+-------------+-----
Evocations     | 1 2 |  2.0
Unarmed Combat | 3 |  3.5
Shapeshifting  | 1 |  1.8
Dodging        | 3 |  3.1
Fighting       | |  3.0

Action                     |  1- 3 |  4- 6 || total
---------------------------+-------+-------++-------
  Melee: Unarmed           |    99 |     2 ||   101
         Headbutt          |     7 |    10 ||    17
         Dagger            |       |    43 ||    43
 Invoke: Sacrifice Durabil |       |     1 ||     1
    Use: Potion            |     3 |       ||     3
         Scroll            |     1 |     5 ||     6
 Armour: Robe              |    52 |    18 ||    70
  Dodge: Dodged            |    69 |    25 ||    94
